Cogmind - Beta 10.2 @@@ ROGUE MODE // 2022.01.25 @ 06:44:03 Player: Stryker Result: Escaped! Performance ------------- Evolutions (9) 4500 Regions Visited (29) 5800 Robots Destroyed (306) 1530 Value Destroyed (16144) 16144 Prototype IDs (48) 960 Alien Tech Used (9) 1800 Bonus (19542) 19542 TOTAL SCORE: 50276 Bonus ------- High Alert Combat Kills 2398 Follower Combat Kills 2117 Met Imprinter 300 Met Zhirov 300 Met Warlord at Base 500 MAIN.C Attacked Warlord 500 Warlord Defense Kill 2254 Built Enhanced Grunts 300 A7 Reached Mainframe 300 Met R17 at Cetus 500 Found Hidden Lab 3000 Met R17 at Research 2000 Met Warlord at Research 2000 Met Warlord at Command 2000 Win 3000 Friendly Fire -1927 Cogmind --------- Core Integrity 1256/1600 Matter 300/300 Energy 336/350 System Corruption 12% Temperature Cool (16) Movement Treading (190) Ox1 Location To Epsilon Eridani Parts ------- > --- POWER (1) -------- Quantum Reactor > --- PROPULSION (4) --- Advanced Heavy Siege Treads Advanced Heavy Siege Treads > --- UTILITY (15) ----- High-capacity Storage Unit High-capacity Storage Unit Experimental Signal Interpreter Advanced Targeting Computer Advanced Weapon Cycler Experimental Transmission Jammer Centrium Medium Armor Plating Centrium Medium Armor Plating Heavy Regenerative Plating Advanced Thermal Shield EM Disruption Field Advanced Force Field Deep Network Scanner > --- WEAPON (5) ------- Enhanced Quantum Rifle Heavy Machine Gun Heavy Machine Gun Improved KE Penetrator Multirail > --- INVENTORY (20) --- Quantum Reactor Armored Heavy Treads Armored Heavy Treads Biometal Heavy Treads Experimental Cooling System Energy Well (500) Advanced Matter Compressor (400) Long-range Sensor Array Makeshift Sensor Array Gamma Rifle Gamma Rifle Heavy Machine Gun KE Penetrator Phasing Sabre Peak State ------------ > --- POWER ------------ Quantum Reactor > --- PROPULSION ------- Advanced Heavy Siege Treads Advanced Heavy Siege Treads > --- UTILITY ---------- High-capacity Storage Unit High-capacity Storage Unit Experimental Signal Interpreter Advanced Weapon Cycler Experimental Transmission Jammer Centrium Medium Armor Plating Centrium Medium Armor Plating Centrium Medium Armor Plating Heavy Regenerative Plating Improved Hacking Suite Improved Hacking Suite Deep Network Scanner Advanced System Shield Advanced System Shield > --- WEAPON ----------- Gamma Rifle Gamma Rifle Enhanced Quantum Rifle Improved KE Penetrator Multirail > --- INVENTORY -------- Quantum Reactor Armored Heavy Treads Armored Heavy Treads Biometal Heavy Treads Biometal Heavy Treads Experimental Cooling System Energy Well Advanced Matter Compressor Long-range Sensor Array Makeshift Sensor Array Precision Matter Filter Advanced Thermal Shield EM Disruption Field Advanced Force Field Gamma Rifle Phasing Sabre [Rating: 208] Favorites ----------- Power Quantum Reactor Engine Improved Ion Engine Reactor Quantum Reactor Propulsion Centrium Heavy Treads Treads Centrium Heavy Treads Wheel Wheel Utility High-capacity Storage Unit Device Makeshift Sensor Array Storage High-capacity Storage Unit Processor Advanced Signal Interpreter Hackware Improved Hacking Suite Protection Centrium Medium Armor Plating Artifact Matter Drive Weapon Improved KE Penetrator Energy Gun Enhanced Quantum Rifle Energy Cannon Heavy Plasma Cannon Ballistic Gun Improved KE Penetrator Launcher Improved Grenade Launcher Impact Weapon Hammer Slashing Weapon Phasing Sabre Piercing Weapon Kinetic Spear Build | -11 -10 -10 -9 -9 -7 -6 -6 -6 -6 -6 -6 -5 -5 -5 -5 -4 -4 -4 -4 -4 -3 -3 -3 -3 -2 -2 -2 -1 -1 ------- Run | Scr Mat Min Mat Min Zio Pro Fac Ext Cet Arc Hub Fac Upp Upp War Pro Fac Upp Upp Zhi Pro Res Arm Lab Res Qua Sec Acc Com Slots Evolved 18 | . . . 2 . . . 6 . . . . 2 . . . . 2 . . . . 2 . . 2 . . 2 . Power . | . . . . . . . . . . . . . . . . . . . . . . . . . . . . . . Propulsion 2 | . . . 1 . . . 1 . . . . . . . . . . . . . . . . . . . . . . Utility 13 | . . . 1 . . . 4 . . . . 2 . . . . 2 . . . . 1 . . 2 . . 1 . Weapon 3 | . . . . . . . 1 . . . . . . . . . . . . . . 1 . . . . . 1 . Parts Attached 531 | 5 20 5 34 5 5 6 22 36 18 9 7 11 10 6 9 3 25 9 2 7 4 16 38 6 15 57 62 62 17 Power 21 | 1 2 . 2 . . . 2 2 1 . . . . . . . 1 . . 1 . . 2 . 4 . 1 1 1 Engine 10 | 1 2 . 2 . . . 2 2 . . . . . . . . . . . . . . . . 1 . . . . Core . | . . . . . . . . . . . . . . . . . . . . . . . . . . . . . . Reactor 11 | . . . . . . . . . 1 . . . . . . . 1 . . 1 . . 2 . 3 . 1 1 1 Propulsion 55 | 2 7 . 16 . 1 . 4 5 6 . . . . . . . 3 . . . . 1 2 . 1 2 . 3 2 Treads 45 | . 3 . 14 . 1 . 2 5 6 . . . . . . . 3 . . . . 1 2 . 1 2 . 3 2 Leg . | . . . . . . . . . . . . . . . . . . . . . . . . . . . . . . Wheel 10 | 2 4 . 2 . . . 2 . . . . . . . . . . . . . . . . . . . . . . Hover . | . . . . . . . . . . . . . . . . . . . . . . . . . . . . . . Flight . | . . . . . . . . . . . . . . . . . . . . . . . . . . . . . . Utility 277 | . 9 . 5 . 1 3 13 20 5 8 5 6 6 3 4 2 12 7 1 4 3 10 20 4 5 41 40 33 7 Device 198 | . 5 . 2 . . 2 5 17 1 5 3 4 6 3 4 . 7 5 1 1 3 5 13 . 4 33 37 28 4 Storage 17 | . 4 . 2 . . . . . 2 1 . . . . . 1 . . . 1 . 1 1 . . 2 1 1 . Processor 6 | . . . . . . . 1 . . . . . . . . . . 1 . . . . 1 . 1 1 . . 1 Hackware 11 | . . . . . . . 3 . . . 1 1 . . . . 3 . . . . 2 . 1 . . . . . Protection 44 | . . . 1 . 1 1 4 3 2 2 1 1 . . . 1 2 1 . 2 . 2 5 3 . 4 2 4 2 Artifact 1 | . . . . . . . . . . . . . . . . . . . . . . . . . . 1 . . . Weapon 178 | 2 2 5 11 5 3 3 3 9 6 1 2 5 4 3 5 1 9 2 1 2 1 5 14 2 5 14 21 25 7 Energy Gun 33 | 1 . . 4 . 1 . 2 3 1 . . . . . . . 1 . . . . 2 . 1 1 4 3 9 . Energy Cannon 21 | . . 1 . . . . . 1 . . . 2 . 1 1 1 3 . . . 1 . 2 . 1 3 4 . . Ballistic Gun 77 | 1 1 3 7 2 . 1 1 4 4 . 2 2 3 1 2 . 2 1 . 2 . 3 6 . 2 5 9 8 5 Ballistic Cannon . | . . . . . . . . . . . . . . . . . . . . . . . . . . . . . . Launcher 10 | . . 1 . 3 2 1 . 1 . . . . . . 1 . . . . . . . . . . 1 . . . Special Weapon . | . . . . . . . . . . . . . . . . . . . . . . . . . . . . . . Impact Weapon 1 | . 1 . . . . . . . . . . . . . . . . . . . . . . . . . . . . Slashing Weapon 35 | . . . . . . 1 . . 1 1 . 1 1 1 1 . 3 1 1 . . . 5 1 1 1 5 8 2 Piercing Weapon 1 | . . . . . . . . . . . . . . . . . . . . . . . 1 . . . . . . Special Melee Weapon . | . . . . . . . . . . . . . . . . . . . . . . . . . . . . . . Unidentified Prototypes 39 | . . . 1 . 1 . . . 5 1 . 1 . . 1 . . . . 4 . 1 10 4 3 7 . . . Parts Lost 37 | . 2 2 6 . . . 5 6 . . . . . . 1 . . . . . . . 1 . 1 1 6 4 2 Power 3 | . 1 . 1 . . . 1 . . . . . . . . . . . . . . . . . . . . . . Propulsion 6 | . . . 2 . . . 1 3 . . . . . . . . . . . . . . . . . . . . . Utility 10 | . . . 1 . . . 2 1 . . . . . . . . . . . . . . 1 . 1 . 2 . 2 Weapon 18 | . 1 2 2 . . . 1 2 . . . . . . 1 . . . . . . . . . . 1 4 4 . Highest Loss Streak 3 | . 1 1 3 . . . 3 2 . . . . . . 1 . . . . . . . 1 . 1 1 3 2 1 Average Slot Usage (%) 90 | . 98 99 95 100 99 100 90 99 92 85 86 84 87 88 87 87 88 88 89 87 89 89 89 86 85 85 85 87 87 Engine 2 | . 13 14 8 11 11 11 6 6 3 . . . . . . . . . . . . . . . . . . . . Reactor 3 | . . . . . . . . . 2 6 6 5 5 5 5 5 5 5 5 5 5 4 4 4 4 4 4 4 4 Treads 12 | . 12 14 24 22 22 33 20 19 18 13 13 11 11 11 11 11 10 10 10 10 10 9 9 9 8 8 8 8 8 Wheel 2 | . 15 14 8 11 10 . 5 6 . . . . . . . . . . . . . . . . . . . . . Device 8 | . 13 . 9 11 9 10 5 6 6 16 6 7 5 5 4 5 5 5 5 4 5 4 4 9 11 12 12 13 12 Storage 11 | . 13 28 22 22 22 22 13 13 13 13 13 11 11 11 11 11 10 10 10 10 10 9 9 9 8 8 8 8 8 Processor 3 | . . . . . . . 6 6 6 6 6 5 5 5 5 5 5 5 5 5 5 4 4 4 4 4 4 4 6 Hackware 14 | . . . . . . . 6 13 13 1 5 10 11 11 11 11 25 26 26 23 21 26 24 23 21 21 21 20 15 Protection 8 | . . . 1 . 1 . 5 5 6 6 12 11 17 17 17 16 9 9 10 12 15 10 11 5 8 8 7 9 12 Energy Gun 4 | . 8 . 8 11 10 10 4 5 6 6 6 5 . . . . 1 5 5 3 . 4 8 4 4 4 3 7 6 Energy Cannon 1 | . . 13 1 . . . . . . . . . . . 2 1 1 . . . 1 1 . . 1 3 1 . . Ballistic Gun 9 | . 18 4 10 7 . . 9 12 12 6 7 8 15 15 13 14 10 5 7 7 13 12 5 9 8 8 10 9 12 Slashing Weapon 1 | . . . . . . 4 . . . 5 4 1 . . . . . 3 2 3 . . 2 4 3 . 1 1 1 Naked Turns . | . . . . . . . . . . . . . . . . . . . . . . . . . . . . . . Heaviest Build 174 | 7 41 45 79 80 83 85 101 104 110 121 121 126 128 131 131 131 131 117 114 124 130 141 139 138 160 164 163 164 174 Greatest Support 160 | 20 38 10 63 10 60 60 83 30 160 160 160 160 160 160 160 160 160 160 160 160 160 160 160 160 160 160 160 160 160 Greatest Overweight (x) 8 | . 4 4 7 7 8 1 8 6 5 . . . . . . . . . . . . . . . . 1 1 1 1 Average Overweight (x) 1 | . . 4 4 7 7 1 6 5 . . . . . . . . . . . . . . . . . . . . . Largest Inventory Capacity 24 | 4 16 16 20 20 20 20 20 20 20 20 20 20 20 20 20 24 20 20 20 20 20 20 20 20 20 20 20 20 20 Average Capacity 19 | 4 8 16 17 20 20 20 20 20 20 20 20 20 20 20 20 20 20 20 20 20 20 20 20 20 20 20 20 20 20 Most Carried 20 | 4 16 16 20 20 20 20 20 20 20 20 20 20 20 20 20 20 20 20 20 20 20 20 20 20 20 20 20 20 20 Average Carried 18 | 3 7 15 17 20 20 19 18 19 19 19 20 19 20 20 19 19 18 20 20 19 20 19 19 19 19 19 19 19 19 Final Capacity 20 | 4 16 16 20 20 20 20 20 20 20 20 20 20 20 20 20 20 20 20 20 20 20 20 20 20 20 20 20 20 20 Final Carried 20 | 4 16 16 20 20 20 20 20 20 20 20 20 20 20 20 19 20 20 20 20 20 20 20 20 20 20 20 19 20 17 Class Distribution -------------------- 28% | Wizard-Mutant 13% | Scavenger-Tank 9% | Wizard-Skirmisher 9% | Scavenger-Mutant 9% | Wizard-Tank 8% | Mutant 8% | Hauler-Mutant 3% | Scavenger-Skirmisher 3% | Commander-Mutant Dominant Class ---------------- Mutant | -10/Materials Mutant | -10/Mines Scavenger-Mutant | -9/Materials Hauler-Mutant | -9/Mines Hauler-Mutant | -7/Zion Hauler-Mutant | -6/Proximity Caves Scavenger-Skirmisher | -6/Factory Scavenger-Skirmisher | -6/Extension Commander-Tank | -6/Cetus Commander-Mutant | -6/Archives Scavenger-Mutant | -6/Hub_04(d) Scavenger-Skirmisher | -5/Factory Scavenger-Tank | -5/Upper Caves Scavenger-Tank | -5/Upper Caves Scavenger-Mutant | -5/Warlord Scavenger-Tank | -4/Proximity Caves Wizard-Skirmisher | -4/Factory Wizard-Mutant | -4/Upper Caves Wizard-Mutant | -4/Upper Caves Hacker-Mutant | -4/Zhirov Scavenger-Tank | -3/Proximity Caves Wizard-Skirmisher | -3/Research Wizard-Mutant | -3/Armory Wizard-Mutant | -3/Lab Wizard-Mutant | -2/Research Wizard-Mutant | -2/Quarantine Wizard-Mutant | -2/Section 7 Wizard-Mutant | -1/Access Wizard-Mutant | -1/Command Resources | -11 -10 -10 -9 -9 -7 -6 -6 -6 -6 -6 -6 -5 -5 -5 -5 -4 -4 -4 -4 -4 -3 -3 -3 -3 -2 -2 -2 -1 -1 ----------- Run | Scr Mat Min Mat Min Zio Pro Fac Ext Cet Arc Hub Fac Upp Upp War Pro Fac Upp Upp Zhi Pro Res Arm Lab Res Qua Sec Acc Com Matter Collected 12606 | 262 606 135 556 185 44 58 378 782 222 188 147 167 171 82 485 32 377 222 47 80 64 213 678 . 737 1248 1755 1719 966 Remotely 146 | . 146 . . . . . . . . . . . . . . . . . . . . . . . . . . . . Salvage Created 17075 | 76 834 248 1180 301 . 42 442 895 55 278 243 222 286 86 1049 . 437 285 116 95 155 85 619 . 331 1154 2541 3103 1917 Parts 881 | 7 44 22 94 13 . 7 21 31 2 13 14 10 8 3 41 . 21 12 5 . 4 2 48 . 18 73 108 156 104 Haulers Intercepted 7 | . 2 . 4 . . . 1 . . . . . . . . . . . . . . . . . . . . . . Recyclers Shooed 9 | . 1 . 2 . . . . 1 . . . . . . . . 2 . . . . . . . . . . 2 1 Parts Field Recycled . | . . . . . . . . . . . . . . . . . . . . . . . . . . . . . . Retrieved Matter . | . . . . . . . . . . . . . . . . . . . . . . . . . . . . . . Parts Self-Destructed 147 | . . . . . 4 6 . . . . . . 5 3 110 . . 10 5 . 4 . . . . . . . . Prevented 11 | . . . . . . . . . . . . . 4 . 7 . . . . . . . . . . . . . . Kills | -11 -10 -10 -9 -9 -7 -6 -6 -6 -6 -6 -6 -5 -5 -5 -5 -4 -4 -4 -4 -4 -3 -3 -3 -3 -2 -2 -2 -1 -1 ------- Run | Scr Mat Min Mat Min Zio Pro Fac Ext Cet Arc Hub Fac Upp Upp War Pro Fac Upp Upp Zhi Pro Res Arm Lab Res Qua Sec Acc Com Combat Hostiles Destroyed 266 | 1 10 9 26 20 . 4 4 14 . 1 4 3 4 1 18 . 6 2 2 . 2 1 14 . 5 16 32 39 28 Guns 220 | 1 9 2 24 3 . . 4 10 . 1 4 3 4 1 13 . 5 2 2 . 2 1 13 . 5 13 31 39 28 Cannons 10 | . . . 2 . . . . 2 . . . . . . . . 1 . . . . . 1 . . 3 1 . . AOE 36 | . 1 7 . 17 . 4 . 2 . . . . . . 5 . . . . . . . . . . . . . . Classes Destroyed 22 | 2 5 1 2 3 . . 1 1 . . . . . . 3 . 1 . . . . . . . . 2 1 . . Worker 9 | 1 1 . 2 1 . . 1 . . . . . . . . . . . . . . . . . . . . 1 2 Builder 4 | . . . . . . . . . . . . . . . . . 1 . . . . . . . . . 1 2 . Tunneler 1 | . . . . 1 . . . . . . . . . . . . . . . . . . . . . . . . . Hauler 7 | . 2 . 4 . . . 1 . . . . . . . . . . . . . . . . . . . . . . Recycler 11 | . 3 . . 1 . . 1 2 . . . . . . . . 1 . . . . . . . . . 1 . 2 Operator 10 | . 1 . . . . . . . . 7 . . . . . . . . . . . . . . 2 . . . . Watcher 12 | . 3 . 1 . . . . 1 . . . . . . . . . . . . . . . . . 2 2 3 . Swarmer 58 | . 3 3 11 . . 4 1 6 . . . . . . . . 3 . . . . . 9 . 1 . 4 3 10 Grunt 67 | 1 7 4 5 1 . . 1 2 . . 2 . 2 . 13 . . . . . 2 . . . . 1 8 15 3 Brawler 4 | . . . 1 . . . 1 . . . . . . . . . . . . . . . . . . . . 2 . Duelist 8 | . . . 1 2 . . . . . . 1 . 1 . 1 . . . . . . . . . . . . 2 . Protector 4 | . . . . 1 . . . . . . . . . . 1 . . . . . . . . . . . . 1 1 Sentry 25 | . . 2 8 . . . . 4 . 1 1 1 1 1 . . . . . . . 1 . . . . 3 1 1 Specialist 1 | . . . . . . . . . . . . . . . 1 . . . . . . . . . . . . . . Hunter 6 | . . . . . . . . . . . . . . . . . . . . . . . . . . . 2 2 2 Programmer 63 | . . . . . . . 1 . . . . 2 . . . . 3 2 2 . . . 5 . . 13 14 13 8 Behemoth 2 | . . . . . . . . 2 . . . . . . . . . . . . . . . . . . . . . S7 Guard 1 | . . . . . . . . . . . . . . . . . . . . . . . . . . . 1 . . Striker 4 | . . . . . . . . . . . . . . . 1 . . . . . . . . . 2 . . . 1 Executioner 5 | . . . . . . . . . . . . . . . 1 . . . . . . . . . 2 . . . 2 Alpha 7 1 | . . . . . . . . . . . . . . . . . . . . . . . . . . 1 . . . Packrat 2 | . . . . . . . . . . . . . . . . . . 2 . . . . . . . . . . . Assembled 16 | . . . . 16 . . . . . . . . . . . . . . . . . . . . . . . . . Thug 1 | . . . . . . . . . . . . . . . 1 . . . . . . . . . . . . . . Fireman 1 | . . . . . . . . . . . . . . . . . . . . . . . . . . 1 . . . Best Kill Streak 17 | 1 5 3 8 17 . 4 4 3 . 3 3 2 3 1 11 . 4 2 2 . 2 1 4 . 4 3 7 5 13 Combat Bots Only 16 | 1 3 3 7 16 . 4 3 3 . 1 3 2 3 1 11 . 3 2 2 . 2 1 4 . 4 3 7 4 11 Max Kills in Single Turn 4 | 1 1 3 2 4 . 1 1 2 1 1 1 1 1 1 3 . 1 1 1 . 1 1 2 . 1 1 1 2 2 Gunslinging 2 | . . . 1 . . . . . . . . . . . 2 . . . . . . . 1 . . . . 1 1 Exploded 3 | . 1 3 . 3 . 1 . 2 . . . . . . 2 . . . . . . . . . . . . . . Melee . | . . . . . . . . . . . . . . . . . . . . . . . . . . . . . . Uniques/NPCs Destroyed 1 | . . . . . . . . . 1 . . . . . . . . . . . . . . . . . . . . A7 (-6/Cetus) Combat | -11 -10 -10 -9 -9 -7 -6 -6 -6 -6 -6 -6 -5 -5 -5 -5 -4 -4 -4 -4 -4 -3 -3 -3 -3 -2 -2 -2 -1 -1 -------- Run | Scr Mat Min Mat Min Zio Pro Fac Ext Cet Arc Hub Fac Upp Upp War Pro Fac Upp Upp Zhi Pro Res Arm Lab Res Qua Sec Acc Com Damage Taken 20221 | . 488 198 1436 204 . 112 753 996 20 20 415 365 126 69 1755 . 698 135 42 . . 28 1070 . 390 1236 4445 3202 2018 Core 1157 | . 33 24 254 26 . 46 31 107 13 . 25 24 18 . 77 . 12 . 23 . . . 92 . . 5 125 149 73 Absorbed by Shields 2119 | . . . . . . . . 203 20 . . . . . . . . . . . . . . . 108 580 631 485 92 Reduced by Siege Mode 1016 | . . . . . . . . . . . 16 30 12 . 106 . 10 5 . . . . 62 . 28 44 256 271 176 Core Remaining (%) 80 | 100 . 77 . . . 18 . . . . 79 . . . . 88 . . . . 96 . . 100 . . 91 . 78 Volleys Fired 776 | 4 56 13 76 16 . 4 20 43 6 4 10 11 7 11 34 6 33 4 3 . 19 15 27 . 19 78 118 92 47 Largest 5 | 2 2 2 2 2 . 1 3 3 3 3 3 3 3 3 3 1 3 3 3 . 3 4 4 . 4 4 4 5 5 Hottest 343 | 60 60 88 91 83 . 36 152 193 133 150 150 150 150 103 158 90 158 158 158 . 105 140 200 . 199 294 288 343 324 Shots Fired 2119 | 8 112 19 152 28 . 4 60 129 17 10 25 26 21 15 74 6 71 12 9 . 23 33 95 . 46 204 317 391 212 Gun 1879 | 8 112 6 141 19 . . 60 122 17 10 25 23 21 6 61 . 57 12 9 . 6 24 83 . 38 144 272 391 212 Cannon 215 | . . 6 11 . . . . 6 . . . 3 . 9 9 6 14 . . . 17 9 12 . 8 60 45 . . Launcher 25 | . . 7 . 9 . 4 . 1 . . . . . . 4 . . . . . . . . . . . . . . Special . | . . . . . . . . . . . . . . . . . . . . . . . . . . . . . . Kinetic 1265 | 4 72 6 85 7 . . 39 84 11 8 15 15 19 6 61 . 51 8 6 . 6 18 33 . 27 96 231 209 148 Thermal 682 | . . 6 37 . . . 20 44 6 2 10 11 2 9 9 6 20 4 3 . 17 15 62 . 19 108 68 156 48 Explosive 25 | . . 7 . 9 . 4 . 1 . . . . . . 4 . . . . . . . . . . . . . . Electromagnetic 147 | 4 40 . 30 12 . . 1 . . . . . . . . . . . . . . . . . . . 18 26 16 Robot Hit Streak 94 | 2 9 14 17 7 . . 13 24 5 6 12 9 18 9 19 . 12 14 4 . 10 11 19 . 17 30 36 61 94 Robot Miss Streak 6 | 1 5 2 3 3 . . 3 4 1 1 1 1 2 1 2 . 4 1 2 . . 2 6 . 1 3 3 4 2 Penetration Max 2 | . . . . . . . . . . 1 . . . . 2 . 1 . . . 1 . . . . 1 2 2 1 Secondary Targets 52 | . 1 . 6 1 . . 2 . . . 1 . 1 . 3 . 1 1 . . . . 6 . . 1 6 13 9 Max Gunslinging Chain 2 | . 1 . 1 1 . . 1 . . . 1 . 1 . 2 . 1 1 . . . . 2 . . 1 1 2 1 Shots Hit Robots 1561 | 4 69 11 114 16 . . 42 107 14 26 23 17 15 4 56 . 41 13 6 3 6 18 68 . 29 137 241 311 170 Core Hits 763 | 2 31 14 54 46 . 7 17 53 6 10 10 6 6 2 56 . 14 6 3 . 4 5 26 . 11 44 101 134 95 Critical Hits 115 | . 1 . . . . . 1 . . 2 6 3 5 . 13 . 6 1 3 1 4 . 4 . 5 5 25 18 12 Critical Kills 46 | . . . . . . . 1 . . 2 3 . 2 . 6 . 2 . 2 . 2 . 2 . 3 3 9 6 3 Critical Parts Destroyed 66 | . 1 . . . . . . . . . 3 2 3 . 7 . 4 1 1 1 2 . 2 . 2 2 14 12 9 Melee Attacks 166 | . 1 . . . . 1 . . 3 17 3 5 5 6 2 . 5 6 7 3 . . 11 9 9 6 15 38 14 Impact 1 | . 1 . . . . . . . . . . . . . . . . . . . . . . . . . . . . Slashing 165 | . . . . . . 1 . . 3 17 3 5 5 6 2 . 5 6 7 3 . . 11 9 9 6 15 38 14 Piercing . | . . . . . . . . . . . . . . . . . . . . . . . . . . . . . . Sneak Attacks 21 | . . . . . . . . . 3 11 . . . . . . 1 2 . . . . . . 2 . . 1 1 Combat Hostiles . | . . . . . . . . . . . . . . . . . . . . . . . . . . . . . . Follow-up Attacks . | . . . . . . . . . . . . . . . . . . . . . . . . . . . . . . Damage Inflicted 45661 | 42 990 581 1799 1452 . 205 632 2034 524 2232 654 456 330 111 2318 . 1283 455 150 369 236 453 1795 . 1187 4470 6855 8746 5302 Guns 35123 | 42 930 55 1522 219 . . 632 1614 264 278 597 440 330 111 1202 . 794 235 150 . 236 453 1604 . 816 3121 5935 8492 5051 Cannons 3237 | . . 63 205 . . . . 143 . . . . . . 56 . 329 . . . . . 191 . . 1349 901 . . Explosions 3323 | . 60 463 72 1233 . 205 . 230 . . . . . . 1060 . . . . . . . . . . . . . . Melee 3861 | . . . . . . . . . 260 1954 54 . . . . . 160 220 . 369 . . . . 371 . . 222 251 Ramming 117 | . . . . . . . . 47 . . 3 16 . . . . . . . . . . . . . . 19 32 . Kinetic 22546 | 14 480 55 794 107 . . 343 865 166 200 327 258 261 111 1202 . 606 136 118 . 236 321 680 . 519 2024 5147 3935 3641 Thermal 13928 | . 60 110 656 36 . . 270 892 98 78 270 182 69 . 56 . 517 99 32 . . 132 1115 . 297 2446 1332 4000 1181 Explosive 3108 | . . 416 . 1197 . 205 . 230 . . . . . . 1060 . . . . . . . . . . . . . . Electromagnetic 2101 | 28 450 . 349 112 . . 19 . . . . . . . . . . . . . . . . . . . 357 557 229 Impact . | . . . . . . . . . . . . . . . . . . . . . . . . . . . . . . Slashing 3861 | . . . . . . . . . 260 1954 54 . . . . . 160 220 . 369 . . . . 371 . . 222 251 Piercing . | . . . . . . . . . . . . . . . . . . . . . . . . . . . . . . Highest Corruption 12 | . . . 2 2 2 . 7 7 7 7 5 2 2 2 2 . 1 1 2 2 2 . . . 2 6 12 6 12 Average Corruption 3 | . . . 2 2 2 . 5 7 7 5 5 1 2 2 2 . 1 1 1 2 2 . . . 2 2 3 2 9 Corruption Purged 19 | . . . . . . . . . . 7 . . . . . . . . . . . . . . . 9 3 . . Effects 401 | . . . 14 2 . . 15 64 12 26 10 3 10 7 3 . 5 2 5 5 8 . . . 5 36 48 44 77 Message Errors 99 | . . . 2 1 . . 2 19 4 8 3 . 3 1 2 . 3 . 2 1 4 . . . 2 15 8 9 10 Matter Fused 68 | . . . . . . . 5 14 3 5 2 . . . . . . . . . . . . . . 8 12 12 7 Heat Flow Errors 35 | . . . 1 . . . . 2 1 2 2 . 2 2 1 . . . . 2 1 . . . 3 3 3 4 6 Energy Discharges 41 | . . . 5 1 . . 2 3 1 3 2 1 1 2 . . 1 1 1 1 1 . . . . 4 4 1 6 Parts Rejected 2 | . . . . . . . . 1 . . . . . . . . . . . . . . . . . . . . 1 Data Loss (minor) 50 | . . . 2 . . . 1 6 2 4 . . 3 2 . . 1 . 2 1 2 . . . . 4 5 8 7 Data Loss (major) 11 | . . . . . . . 1 6 . . . . . . . . . . . . . . . . . . . . 4 Misfires 9 | . . . . . . . . 3 . 1 . . . . . . . . . . . . . . . . . . 5 Alerts 2 | . . . . . . . . . . . . . . . . . . . . . . . . . . . 1 . 1 Misdirections 8 | . . . . . . . . . . . . . . . . . . . . . . . . . . . 1 . 7 Targeting Errors 66 | . . . 4 . . . 4 9 1 3 1 1 1 . . . . 1 . . . . . . . 2 11 9 19 Weapon Failures 10 | . . . . . . . . 1 . . . 1 . . . . . . . . . . . . . . 3 1 4 Overload Shots . | . . . . . . . . . . . . . . . . . . . . . . . . . . . . . . Overflow Damage 1600 | . . 6 14 . . . . 9 5 968 . . . . 13 . 22 . . 245 . . 37 . . 85 81 102 13 Projectiles 223 | . . . 2 . . . . . . . . . . . . . 22 . . . . . 37 . . 85 77 . . Explosions 31 | . . 6 12 . . . . . . . . . . . 13 . . . . . . . . . . . . . . Melee 1346 | . . . . . . . . 9 5 968 . . . . . . . . . 245 . . . . . . 4 102 13 Knockbacks 2 | . . . . . . . . 2 . . . . . . . . . . . . . . . . . . . . . Impact 2 | . . . . . . . . 2 . . . . . . . . . . . . . . . . . . . . . Kinetic . | . . . . . . . . . . . . . . . . . . . . . . . . . . . . . . Secondary . | . . . . . . . . . . . . . . . . . . . . . . . . . . . . . . Self-Inflicted Damage 192 | . 36 47 20 44 . . . 23 . . . . . . 22 . . . . . . . . . . . . . . Shots 7 | . 1 2 1 2 . . . . . . . . . . 1 . . . . . . . . . . . . . . Rammed 8 | . . . . . . . . 2 . . 1 2 . . . . . . . . . . . . . . 1 2 . Targets Rammed 9 | . . . . . . . . 2 . . 1 2 . . . . . . . . . . . . . . 1 3 . Kicked . | . . . . . . . . . . . . . . . . . . . . . . . . . . . . . . Crushed 1 | . . . . . . . . . . . . . . . . . . . . . . . . . . . . 1 . Highest Temperature 444 | . 8 180 150 . . 8 444 122 206 245 282 7 165 224 300 144 238 312 225 52 99 . 225 . 229 170 152 243 236 Average Temperature 80 | . 6 82 58 . . 4 188 32 66 73 99 5 69 60 115 73 92 153 115 50 62 . 63 . 62 55 50 77 37 Received Heat Transfer 2634 | . 222 48 378 . . . 90 234 4 . 75 36 36 18 510 . 9 . . . . 9 . . . 20 488 385 72 Effects 1 | . . . . . . . 1 . . . . . . . . . . . . . . . . . . . . . . Energy Bleed 1 | . . . . . . . 1 . . . . . . . . . . . . . . . . . . . . . . Siege Activations 68 | . . . . . . . . . . . 1 2 3 1 3 . 3 1 1 . 1 2 4 . 2 8 13 17 6 Total Turns 1619 | . . . . . . . . . . . 15 30 30 21 206 . 59 15 6 . 85 49 67 . 30 173 356 375 102 Longest Duration 152 | . . . . . . . . . . . 15 18 16 21 152 . 33 15 6 . 85 46 21 . 24 40 74 50 41 Robots Corrupted . | . . . . . . . . . . . . . . . . . . . . . . . . . . . . . . Combat Hostiles . | . . . . . . . . . . . . . . . . . . . . . . . . . . . . . . Parts Fried 15 | . 1 . . . . . . 3 . . . . . . . . . . . . . . . . . . 3 7 1 Impact Corruptions 2 | . . . . . . . . 1 . . . . . . . . . . . . . . . . . . 1 . . Robots Melted . | . . . . . . . . . . . . . . . . . . . . . . . . . . . . . . Combat Hostiles . | . . . . . . . . . . . . . . . . . . . . . . . . . . . . . . Parts Melted 23 | . . . 5 . . . . 3 . 1 . . . . . . . . . . . . 4 . . . 3 7 . Heat Transferred 17348 | . 100 161 1432 50 . . 481 1875 168 74 333 222 74 . 50 . 672 111 37 . . 185 1332 . 333 2405 1554 4440 1259 Parts Sabotaged 6 | . . . . . . . . . . . . . . . . . . . . . . . . . . . . 6 . Parts Stolen . | . . . . . . . . . . . . . . . . . . . . . . . . . . . . . . Parts Stripped . | . . . . . . . . . . . . . . . . . . . . . . . . . . . . . . Power Chain Reactions 4 | . 1 . 2 1 . . . . . . . . . . . . . . . . . . . . . . . . . Missiles Intercepted . | . . . . . . . . . . . . . . . . . . . . . . . . . . . . . . Alert | -11 -10 -10 -9 -9 -7 -6 -6 -6 -6 -6 -6 -5 -5 -5 -5 -4 -4 -4 -4 -4 -3 -3 -3 -3 -2 -2 -2 -1 -1 ------- Run | Scr Mat Min Mat Min Zio Pro Fac Ext Cet Arc Hub Fac Upp Upp War Pro Fac Upp Upp Zhi Pro Res Arm Lab Res Qua Sec Acc Com Peak Influence 1007 | 25 174 229 312 201 . . 81 348 804 529 669 329 . . . . 160 . . . . 35 221 . 137 177 578 964 1007 Initial 540 | . 16 24 . 86 . . 44 14 147 321 62 236 . . . . . . . . . . . . . 5 73 346 540 Average 251 | 2 58 88 167 117 . . 31 119 546 338 486 223 . . . . 16 . . . . 16 58 . 33 79 271 725 810 Maximum Alert Level 3 | . . 1 1 1 . . . 1 3 2 2 1 . . . . . . . . . . 1 . . . 2 3 3 Low Security (%) 60 | 100 100 86 57 76 . . 100 80 9 28 7 26 . . . . 100 . . . . 100 91 . 100 100 30 . . Level 1 16 | . . 13 42 23 . . . 19 35 38 5 73 . . . . . . . . . . 8 . . . 54 6 . Level 2 9 | . . . . . . . . . 9 33 87 . . . . . . . . . . . . . . . 14 24 22 Level 3 13 | . . . . . . . . . 45 . . . . . . . . . . . . . . . . . . 68 77 Level 4 . | . . . . . . . . . . . . . . . . . . . . . . . . . . . . . . Level 5 . | . . . . . . . . . . . . . . . . . . . . . . . . . . . . . . High Security . | . . . . . . . . . . . . . . . . . . . . . . . . . . . . . . Max Security . | . . . . . . . . . . . . . . . . . . . . . . . . . . . . . . Squads Dispatched 59 | . 3 . 1 1 . . 1 2 . . 8 1 . . . . 3 . . . . 2 4 . . 6 9 12 6 Investigation 6 | . 2 . 1 . . . . . . . 1 . . . . . . . . . . 2 . . . . . . . Extermination 27 | . . . . . . . 1 . . . . 1 . . . . 2 . . . . . 3 . . 6 5 5 4 Reinforcement 12 | . 1 . . . . . . 2 . . 5 . . . . . 1 . . . . . 1 . . . 1 1 . Assault 10 | . . . . 1 . . . . . . 1 . . . . . . . . . . . . . . . . 6 2 Garrison 4 | . . . . . . . . . . . 1 . . . . . . . . . . . . . . . 3 . . Intercept . | . . . . . . . . . . . . . . . . . . . . . . . . . . . . . . Construction Impeded 2 | . . . . . . . . 2 . . . . . . . . . . . . . . . . . . . . . Haulers Reinforced 2 | . . . . . . . . . . . 1 . . . . . . . . . . . . . . . 1 . . Stealth | -11 -10 -10 -9 -9 -7 -6 -6 -6 -6 -6 -6 -5 -5 -5 -5 -4 -4 -4 -4 -4 -3 -3 -3 -3 -2 -2 -2 -1 -1 --------- Run | Scr Mat Min Mat Min Zio Pro Fac Ext Cet Arc Hub Fac Upp Upp War Pro Fac Upp Upp Zhi Pro Res Arm Lab Res Qua Sec Acc Com Distress Signals 30 | . 1 . 4 . . . . 2 2 . 3 . . . . . . . . . . 3 1 . 7 . 4 1 2 Communications Jammed 87 | . . . . . . . . . . . . . . . . . . . . . . . . . . 4 22 23 38 Distress Signals 87 | . . . . . . . . . . . . . . . . . . . . . . . . . . 4 22 23 38 Times Spotted 466 | 1 17 9 35 22 . 4 5 26 17 21 18 3 5 2 49 . 9 2 2 . . 6 17 . 7 30 43 71 45 Peak Tracking Total 15 | . 3 3 8 15 . 4 3 4 6 2 5 2 2 1 14 . 5 2 2 . . 2 5 . 5 3 6 6 7 Tactical Retreats 23 | . 1 . . . . . . 1 . . 4 . 1 1 . . 1 . . . . . 1 . 1 1 2 6 3 Traps | -11 -10 -10 -9 -9 -7 -6 -6 -6 -6 -6 -6 -5 -5 -5 -5 -4 -4 -4 -4 -4 -3 -3 -3 -3 -2 -2 -2 -1 -1 ------- Run | Scr Mat Min Mat Min Zio Pro Fac Ext Cet Arc Hub Fac Upp Upp War Pro Fac Upp Upp Zhi Pro Res Arm Lab Res Qua Sec Acc Com Traps Triggered 13 | . . . 1 . . . 3 5 . . 1 2 . . . . . . . . . . . . . . . 1 . Indirectly . | . . . . . . . . . . . . . . . . . . . . . . . . . . . . . . Trap Hack Attempts . | . . . . . . . . . . . . . . . . . . . . . . . . . . . . . . Triggered . | . . . . . . . . . . . . . . . . . . . . . . . . . . . . . . Disarmed . | . . . . . . . . . . . . . . . . . . . . . . . . . . . . . . Reprogrammed . | . . . . . . . . . . . . . . . . . . . . . . . . . . . . . . Reused . | . . . . . . . . . . . . . . . . . . . . . . . . . . . . . . Traps Extracted . | . . . . . . . . . . . . . . . . . . . . . . . . . . . . . . Installed . | . . . . . . . . . . . . . . . . . . . . . . . . . . . . . . Triggered 17 | . . . . . . . . 1 . . . . 4 . 11 . . . . . 1 . . . . . . . . Machines | -11 -10 -10 -9 -9 -7 -6 -6 -6 -6 -6 -6 -5 -5 -5 -5 -4 -4 -4 -4 -4 -3 -3 -3 -3 -2 -2 -2 -1 -1 ---------- Run | Scr Mat Min Mat Min Zio Pro Fac Ext Cet Arc Hub Fac Upp Upp War Pro Fac Upp Upp Zhi Pro Res Arm Lab Res Qua Sec Acc Com Machines Disabled 36 | . 1 3 1 . . . . 2 . 1 5 1 . . 2 . . . . . . . 3 4 . 6 4 1 2 Max in Single Turn 2 | . 1 2 1 . . . . 1 . . 1 1 . . 1 . . . . . . . 1 1 . 1 1 1 1 Garrison Access 9 | . . . . . . . 1 . . . 1 . . . . . 1 . . . . . . . 3 . . 3 . Machines Sabotaged . | . . . . . . . . . . . . . . . . . . . . . . . . . . . . . . Garrisons Compromised . | . . . . . . . . . . . . . . . . . . . . . . . . . . . . . . Overloaded Fab Kills . | . . . . . . . . . . . . . . . . . . . . . . . . . . . . . . Fab Network Shutdowns 1 | . . . . . . . . . . . . . . . . . . . . . . . . . . . . 1 . Hacking | -11 -10 -10 -9 -9 -7 -6 -6 -6 -6 -6 -6 -5 -5 -5 -5 -4 -4 -4 -4 -4 -3 -3 -3 -3 -2 -2 -2 -1 -1 --------- Run | Scr Mat Min Mat Min Zio Pro Fac Ext Cet Arc Hub Fac Upp Upp War Pro Fac Upp Upp Zhi Pro Res Arm Lab Res Qua Sec Acc Com Machines Accessed 97 | . 5 1 7 . . . 6 10 1 . 5 2 . 1 . . 5 . . 9 . 3 6 . 2 8 6 13 7 Terminals 63 | . 5 . 5 . . . 3 10 1 . 4 1 . . . . 3 . . . . 2 4 . . 6 3 9 7 Fabricators 2 | . . . . . . . . . . . . . . . . . . . . . . . 1 . . . . 1 . Repair Stations 4 | . . . . . . . 1 . . . . . . . . . 1 . . . . . 1 . . . 1 . . Recycling Units 3 | . . . . . . . 1 . . . . 1 . . . . . . . . . 1 . . . . . . . Scanalyzers 6 | . . . 2 . . . . . . . . . . . . . . . . . . . . . . 2 2 . . Garrison Access 8 | . . . . . . . 1 . . . 1 . . . . . 1 . . . . . . . 2 . . 3 . Total Hacks 312 | . 18 1 24 . . . 12 18 4 . 18 3 . 1 . . 32 . . 48 . 13 25 . 3 23 13 30 26 Successful 207 | . 6 1 15 . . . 8 10 1 . 6 2 . 1 . . 23 . . 48 . 7 14 . 2 19 13 18 13 Failed 103 | . 11 . 9 . . . 4 8 3 . 12 1 . . . . 8 . . . . 6 11 . 1 4 . 12 13 Catastrophic 14 | . 2 . 1 . . . . 1 . . . . . . . . 1 . . . . . 3 . . . . 4 2 Database Lockouts 2 | . 1 . . . . . . . . . . . . . . . 1 . . . . . . . . . . . . Manual 129 | . 12 . 11 . . . 5 10 1 . 6 2 . . . . 14 . . . . 13 11 . . 14 5 11 14 Terminals 203 | . 18 . 16 . . . 7 18 4 . 15 2 . . . . 17 . . . . 12 16 . . 21 8 23 26 Fabricators 7 | . . . . . . . . . . . . . . . . . . . . . . . 4 . . . . 3 . Repair Stations 24 | . . . . . . . 3 . . . . . . . . . 14 . . . . . 5 . . . 2 . . Recycling Units 3 | . . . . . . . 1 . . . . 1 . . . . . . . . . 1 . . . . . . . Scanalyzers 13 | . . . 8 . . . . . . . . . . . . . . . . . . . . . . 2 3 . . Garrison Access 12 | . . . . . . . 1 . . . 3 . . . . . 1 . . . . . . . 3 . . 4 . Terminal Hacks 133 | . 5 1 4 . . . 3 8 1 . 4 1 . 1 . . 6 . . 48 . 5 6 . . 12 6 11 11 Record 45 | . 2 . 1 . . . . . . . . . . . . . . . . 36 . . . . . 1 . . 5 Part Schematic 10 | . 1 . . . . . . . . . . . . . . . 1 . . 4 . 3 . . . 1 . . . Robot Analysis 4 | . . . . . . . . . . . . . . . . . . . . 4 . . . . . . . . . Prototype ID Bank 4 | . . . . . . . . . . . . . . . . . . . . 4 . . . . . . . . . Open Door 14 | . . 1 . . . . 1 6 1 . . . . 1 . . . . . . . . . . . 1 . 3 . Level Access Points 3 | . . . . . . . . . . . . . . . . . . . . . . . . . . . 1 1 1 Branch Access Points 5 | . . . . . . . 1 . . . . 1 . . . . 1 . . . . 1 . . . . . 1 . Terminal Index 6 | . . . . . . . . . . . . . . . . . . . . . . 1 1 . . 1 1 1 1 Fabricator Index 2 | . . . . . . . . . . . . . . . . . . . . . . . . . . . 1 1 . Scanalyzer Index 2 | . . . . . . . . . . . . . . . . . . . . . . . . . . 1 1 . . Alert Level 1 | . . . . . . . . . . . . . . . . . 1 . . . . . . . . . . . . Unreport Threat 11 | . . . 1 . . . . 2 . . 1 . . . . . 1 . . . . . 1 . . 2 . 3 . Locate Traps 12 | . 2 . 2 . . . 1 . . . . . . . . . 1 . . . . . 1 . . 2 . . 3 Recall Extermination 1 | . . . . . . . . . . . . . . . . . 1 . . . . . . . . . . . . Recall Reinforcements 1 | . . . . . . . . . . . 1 . . . . . . . . . . . . . . . . . . Registered Components 1 | . . . . . . . . . . . . . . . . . . . . . . . 1 . . . . . . Registered Prototypes 1 | . . . . . . . . . . . . . . . . . . . . . . . 1 . . . . . . Zone Layout 9 | . . . . . . . . . . . 2 . . . . . . . . . . . 1 . . 3 2 1 . Disengage Seal 1 | . . . . . . . . . . . . . . . . . . . . . . . . . . . . . 1 Fabricator Hacks 6 | . . . . . . . . . . . . . . . . . . . . . . . 4 . . . . 2 . Load Schematic 3 | . . . . . . . . . . . . . . . . . . . . . . . 2 . . . . 1 . Build 3 | . . . . . . . . . . . . . . . . . . . . . . . 2 . . . . 1 . Repair Station Hacks 20 | . . . . . . . 2 . . . . . . . . . 13 . . . . . 3 . . . 2 . . Scan Component 11 | . . . . . . . 1 . . . . . . . . . 7 . . . . . 2 . . . 1 . . Repair 9 | . . . . . . . 1 . . . . . . . . . 6 . . . . . 1 . . . 1 . . Recycling Unit Hacks . | . . . . . . . . . . . . . . . . . . . . . . . . . . . . . . Scanalyzer 12 | . . . 7 . . . . . . . . . . . . . . . . . . . . . . 2 3 . . Insert Component 8 | . . . 3 . . . . . . . . . . . . . . . . . . . . . . 2 3 . . Analyze 4 | . . . 4 . . . . . . . . . . . . . . . . . . . . . . . . . . Garrison Access Hacks 8 | . . . . . . . 1 . . . 1 . . . . . 1 . . . . . . . 2 . . 3 . Seal Access 8 | . . . . . . . 1 . . . 1 . . . . . 1 . . . . . . . 2 . . 3 . Unauthorized Hacks 28 | . 1 . 4 . . . 2 2 . . 1 1 . . . . 3 . . . . 2 1 . . 5 2 2 2 Terminals 25 | . 1 . 4 . . . 1 2 . . 1 . . . . . 3 . . . . 1 1 . . 5 2 2 2 Track 13 | . 1 . 3 . . . . 1 . . . . . . . . 1 . . . . . . . . 2 1 2 2 Assimilate 5 | . . . . . . . . . . . . . . . . . 1 . . . . 1 1 . . 2 . . . Botnet 6 | . . . 1 . . . 1 1 . . 1 . . . . . 1 . . . . . . . . . 1 . . Operators 1 | . . . . . . . . . . . . . . . . . . . . . . . . . . 1 . . . Fabricators . | . . . . . . . . . . . . . . . . . . . . . . . . . . . . . . Repair Stations . | . . . . . . . . . . . . . . . . . . . . . . . . . . . . . . Recycling Units 3 | . . . . . . . 1 . . . . 1 . . . . . . . . . 1 . . . . . . . Monitor 2 | . . . . . . . 1 . . . . 1 . . . . . . . . . . . . . . . . . Mask 1 | . . . . . . . . . . . . . . . . . . . . . . 1 . . . . . . . Scanalyzers . | . . . . . . . . . . . . . . . . . . . . . . . . . . . . . . Garrison Access . | . . . . . . . . . . . . . . . . . . . . . . . . . . . . . . Data Cores Recovered . | . . . . . . . . . . . . . . . . . . . . . . . . . . . . . . Used . | . . . . . . . . . . . . . . . . . . . . . . . . . . . . . . Hacking Detections 55 | . 4 . 6 . . . 3 5 1 . 5 2 . . . . 3 . . . . 2 6 . . 1 1 10 6 Full Trace Events 2 | . . . 1 . . . . . . . 1 . . . . . . . . . . . . . . . . . . Feedback Events . | . . . . . . . . . . . . . . . . . . . . . . . . . . . . . . Feedback Blocked . | . . . . . . . . . . . . . . . . . . . . . . . . . . . . . . Robot Schematics Acquired . | . . . . . . . . . . . . . . . . . . . . . . . . . . . . . . Robots Built . | . . . . . . . . . . . . . . . . . . . . . . . . . . . . . . Matter . | . . . . . . . . . . . . . . . . . . . . . . . . . . . . . . Time . | . . . . . . . . . . . . . . . . . . . . . . . . . . . . . . Total Robot Build Rating . | . . . . . . . . . . . . . . . . . . . . . . . . . . . . . . Part Schematics Acquired 13 | . 1 . 3 . . . . . . . . . . . . . 1 . . 4 . 3 . . . 1 . . . Parts Built 4 | . . . . . . . . . . . . . . . . . . . . . . . 2 . . . . 2 . Matter 914 | . . . . . . . . . . . . . . . . . . . . . . . 636 . . . . 278 . Time 158 | . . . . . . . . . . . . . . . . . . . . . . . 112 . . . . 46 . Total Part Build Rating 30 | . . . . . . . . . . . . . . . . . . . . . . . 12 . . . . 18 . Parts Repaired 9 | . . . . . . . 1 . . . . . . . . . 6 . . . . . 1 . . . 1 . . Time 777 | . . . . . . . 22 . . . . . . . . . 667 . . . . . 54 . . . 34 . . Parts Recycled . | . . . . . . . . . . . . . . . . . . . . . . . . . . . . . . Recycled Matter . | . . . . . . . . . . . . . . . . . . . . . . . . . . . . . . Retrieved Matter . | . . . . . . . . . . . . . . . . . . . . . . . . . . . . . . Retrieved Components . | . . . . . . . . . . . . . . . . . . . . . . . . . . . . . . Parts Scanalyzed 3 | . . . 3 . . . . . . . . . . . . . . . . . . . . . . . . . . Part Schematics Acquired 3 | . . . 3 . . . . . . . . . . . . . . . . . . . . . . . . . . Parts Damaged . | . . . . . . . . . . . . . . . . . . . . . . . . . . . . . . Bothacking | -11 -10 -10 -9 -9 -7 -6 -6 -6 -6 -6 -6 -5 -5 -5 -5 -4 -4 -4 -4 -4 -3 -3 -3 -3 -2 -2 -2 -1 -1 ------------ Run | Scr Mat Min Mat Min Zio Pro Fac Ext Cet Arc Hub Fac Upp Upp War Pro Fac Upp Upp Zhi Pro Res Arm Lab Res Qua Sec Acc Com Used RIF Installer . | . . . . . . . . . . . . . . . . . . . . . . . . . . . . . . Robots Hacked . | . . . . . . . . . . . . . . . . . . . . . . . . . . . . . . Non-combat . | . . . . . . . . . . . . . . . . . . . . . . . . . . . . . . Combat . | . . . . . . . . . . . . . . . . . . . . . . . . . . . . . . Robot Hacks Applied . | . . . . . . . . . . . . . . . . . . . . . . . . . . . . . . Relay Couplers Released 5 | . . . . . . . . . . . . . . . . . . . . . . . . . 5 . . . . Machine Destruction 2 | . . . . . . . . . . . . . . . . . . . . . . . . . 2 . . . . Programmers 3 | . . . . . . . . . . . . . . . . . . . . . . . . . 3 . . . . Robots Rewired 11 | . . . . . . . . 11 . . . . . . . . . . . . . . . . . . . . . Allies Hacked 1 | . . . . . . . . . . . . . . . . . . . . . . . 1 . . . . . . Hacks Repelled . | . . . . . . . . . . . . . . . . . . . . . . . . . . . . . . Allies | -11 -10 -10 -9 -9 -7 -6 -6 -6 -6 -6 -6 -5 -5 -5 -5 -4 -4 -4 -4 -4 -3 -3 -3 -3 -2 -2 -2 -1 -1 -------- Run | Scr Mat Min Mat Min Zio Pro Fac Ext Cet Arc Hub Fac Upp Upp War Pro Fac Upp Upp Zhi Pro Res Arm Lab Res Qua Sec Acc Com Total Allies 29 | . . . . 1 . . . 20 5 . . . . . . . . . . . . 1 1 . . 1 . . . Largest Group 18 | . . . . 1 1 1 . 16 18 14 11 . . . . . . . . . . 1 1 . . 1 . . . Highest-Rated Group 851 | . . . . 31 26 26 . 568 851 709 556 . . . . . . . . . . 44 44 . . 26 . . . Highest-Rated Ally 156 | . . . . 31 26 26 . 156 150 94 94 . . . . . . . . . . 44 44 . . 26 . . . Total Orders 4 | . . . . . . . . . . . . . . . . . . . . . . 2 2 . . . . . . STAY 2 | . . . . . . . . . . . . . . . . . . . . . . 1 1 . . . . . . FOLLOW 2 | . . . . . . . . . . . . . . . . . . . . . . 1 1 . . . . . . Ally Attacks 294 | . . . . 14 . . . 84 84 34 78 . . . . . . . . . . . . . . . . . . Total Damage 7319 | . . . . 128 . . . 1741 1831 1058 2561 . . . . . . . . . . . . . . . . . . Kills 61 | . . . . 3 . . . 15 20 4 19 . . . . . . . . . . . . . . . . . . Allies Corrupted . | . . . . . . . . . . . . . . . . . . . . . . . . . . . . . . Allies Melted . | . . . . . . . . . . . . . . . . . . . . . . . . . . . . . . Intel | -11 -10 -10 -9 -9 -7 -6 -6 -6 -6 -6 -6 -5 -5 -5 -5 -4 -4 -4 -4 -4 -3 -3 -3 -3 -2 -2 -2 -1 -1 ------- Run | Scr Mat Min Mat Min Zio Pro Fac Ext Cet Arc Hub Fac Upp Upp War Pro Fac Upp Upp Zhi Pro Res Arm Lab Res Qua Sec Acc Com Robot Analysis Total 4 | . . . . . . . . . . . . . . . . . . . . 4 . . . . . . . . . Derelict Logs Recovered 15 | . . 3 . 1 2 2 . . . . . . 2 1 . 2 . 1 1 . . . . . . . . . . Drone Launches . | . . . . . . . . . . . . . . . . . . . . . . . . . . . . . . Drone Recoveries . | . . . . . . . . . . . . . . . . . . . . . . . . . . . . . . Exploration | -11 -10 -10 -9 -9 -7 -6 -6 -6 -6 -6 -6 -5 -5 -5 -5 -4 -4 -4 -4 -4 -3 -3 -3 -3 -2 -2 -2 -1 -1 ------------- Run | Scr Mat Min Mat Min Zio Pro Fac Ext Cet Arc Hub Fac Upp Upp War Pro Fac Upp Upp Zhi Pro Res Arm Lab Res Qua Sec Acc Com Turns Passed 33130 | 97 1531 894 1322 436 1319 775 742 1755 352 1125 458 541 1104 882 1559 711 1046 745 856 431 1153 839 1457 376 1322 2620 2392 2956 1334 Spaces Moved 16449 | 95 1098 692 687 249 839 414 393 846 174 274 247 268 640 506 683 431 386 406 506 250 568 441 685 194 727 1094 833 1226 597 Core 15 | 15 . . . . . . . . . . . . . . . . . . . . . . . . . . . . . Treads 11657 | . . . 125 . 1 414 5 1 149 274 247 268 640 506 683 431 386 406 506 250 568 441 685 194 727 1094 833 1226 597 Legs . | . . . . . . . . . . . . . . . . . . . . . . . . . . . . . . Wheels 4777 | 80 1098 692 562 249 838 . 388 845 25 . . . . . . . . . . . . . . . . . . . . Hover . | . . . . . . . . . . . . . . . . . . . . . . . . . . . . . . Flight . | . . . . . . . . . . . . . . . . . . . . . . . . . . . . . . Fastest Speed 50 | 50 80 120 110 150 150 180 150 150 150 160 160 160 160 160 160 160 160 160 160 160 160 160 160 160 160 160 160 160 160 Average Speed 153 | 75 105 120 136 150 156 180 159 157 158 160 160 160 160 160 160 160 160 160 160 160 160 160 164 160 160 161 164 160 162 Slowest Speed 220 | 80 120 120 160 150 180 180 180 220 160 160 160 160 160 160 160 160 160 160 160 160 160 165 165 160 160 180 180 190 190 Overloaded Moves . | . . . . . . . . . . . . . . . . . . . . . . . . . . . . . . Propulsion Burnouts . | . . . . . . . . . . . . . . . . . . . . . . . . . . . . . . Robots Hopped 2 | . . 2 . . . . . . . . . . . . . . . . . . . . . . . . . . . Cave-ins Triggered . | . . . . . . . . . . . . . . . . . . . . . . . . . . . . . . Teleports 1 | . . . . . . . . . . . . . . . . . . . . . . . 1 . . . . . . Exploration Rate (%) 52 | 5 99 97 72 50 86 61 9 82 66 88 30 6 69 68 82 62 8 59 65 62 56 10 26 90 26 63 28 31 29 Regions Visited 29 Branch Regions 21 Pre-discovered Areas 11 | . . 3 . . 2 1 . . . . . . . 1 . . . . 1 3 . . . . . . . . . Known Exits Taken 23 | . . . . . . 1 1 1 1 1 1 1 1 1 1 1 1 1 1 1 1 1 1 1 1 1 1 1 . Unknown Exits Taken 6 | 1 1 1 1 1 1 . . . . . . . . . . . . . . . . . . . . . . . . Scrap Searched 19 | . . 2 . . 3 2 . . . . . . 1 2 . 3 . 2 3 . 1 . . . . . . . . Spaces Dug 225 | . 1 19 . 9 . 1 . . . . 2 8 5 15 3 6 8 4 7 . 17 6 11 . 14 26 29 27 7 Terrain Destroyed 473 | . 3 50 7 63 . 28 . 14 2 2 9 10 9 16 20 6 17 6 9 . 18 6 21 . 19 47 41 39 11 Melee 105 | . 1 . . . . 1 . . . . 2 5 5 6 2 . 4 4 7 . . . 10 . 7 4 13 27 7 Projectile 190 | . . . . . . . . 1 2 2 7 5 4 10 2 6 13 2 2 . 18 6 11 . 12 43 28 12 4 AOE 178 | . 2 50 7 63 . 27 . 13 . . . . . . 16 . . . . . . . . . . . . . . Terrain Rammed . | . . . . . . . . . . . . . . . . . . . . . . . . . . . . . . Walls Destroyed . | . . . . . . . . . . . . . . . . . . . . . . . . . . . . . . Machines Disabled . | . . . . . . . . . . . . . . . . . . . . . . . . . . . . . . Actions | -11 -10 -10 -9 -9 -7 -6 -6 -6 -6 -6 -6 -5 -5 -5 -5 -4 -4 -4 -4 -4 -3 -3 -3 -3 -2 -2 -2 -1 -1 --------- Run | Scr Mat Min Mat Min Zio Pro Fac Ext Cet Arc Hub Fac Upp Upp War Pro Fac Upp Upp Zhi Pro Res Arm Lab Res Qua Sec Acc Com Total 22532 | 109 1364 737 946 281 849 437 466 1163 239 930 280 349 692 555 1084 447 743 481 534 278 789 544 934 246 854 1797 1572 1963 869 Wait 4034 | 2 146 18 82 12 1 11 9 108 3 612 13 47 30 25 353 3 284 53 17 5 199 61 138 27 66 521 516 506 166 Move 16415 | 94 1097 687 686 248 838 413 392 845 173 273 246 267 639 505 682 430 385 405 505 249 567 440 684 193 726 1093 832 1225 596 Hop 2 | . . 2 . . . . . . . . . . . . . . . . . . . . . . . . . . . Pick Up 207 | 4 21 6 28 . 1 1 16 16 12 5 . 3 . 1 1 2 8 1 . 5 . 2 10 1 5 13 15 19 11 Fast Attach 123 | 5 10 . 5 . 3 . 2 5 6 5 1 1 1 . 2 2 3 2 . 4 . 10 14 7 8 12 2 7 6 Attach 92 | . 1 2 8 . . 1 13 6 4 3 . 2 . . 1 . 8 . . 3 . 1 6 . 4 4 9 12 4 Detach 30 | . 1 . 1 . . . 1 1 1 2 . 1 . . . . . 1 . 1 . . 5 2 2 5 . 2 4 Swap 325 | . 9 3 21 5 2 5 7 25 8 1 6 8 9 6 6 1 14 7 2 1 4 5 19 1 4 41 53 45 7 Drop 259 | . 22 6 39 . 4 1 6 18 23 8 . 2 1 1 3 3 3 2 . 7 . 10 20 6 11 24 11 14 14 Fire 776 | 4 56 13 76 16 . 4 20 43 6 4 10 11 7 11 34 6 33 4 3 . 19 15 27 . 19 78 118 92 47 Melee 166 | . 1 . . . . 1 . . 3 17 3 5 5 6 2 . 5 6 7 3 . . 11 9 9 6 15 38 14 Ram 2 | . . . . . . . . 2 . . . . . . . . . . . . . . . . . . . . . Kick . | . . . . . . . . . . . . . . . . . . . . . . . . . . . . . . Crush 7 | . . . . . . . . . . . 1 2 . . . . . . . . . . . . . . 1 3 . Escape Stasis 40 | . . . . . . . . 40 . . . . . . . . . . . . . . . . . . . . . Rewire 54 | . . . . . . . . 54 . . . . . . . . . . . . . . . . . . . . . Trap . | . . . . . . . . . . . . . . . . . . . . . . . . . . . . . . Miscellaneous . | . . . . . . . . . . . . . . . . . . . . . . . . . . . . . . Route ------- -11/Scrapyard -10/Materials (discovered 4 exits: *Mat x3 / *Min) -10/Mines (discovered 2 exits: *Mat x2) -9/Materials (discovered 4 exits: [*Mat x2] / [*Min x2]) -9/Mines -7/Zion (discovered 2 exits: Dee / [*Pro]) -6/Proximity Caves -6/Factory (discovered 4 exits: Low x2 / *Ext x2) -6/Extension (discovered 2 exits: *Fac / *Cet) -6/Cetus (discovered 2 exits: *Fac / *Arc) -6/Archives (discovered 3 exits: *Fac / *Hub x2) -6/Hub_04(d) -5/Factory (discovered 2 exits: *Upp x2) -5/Upper Caves -5/Upper Caves (discovered 2 exits: *Fac / *War) -5/Warlord -4/Proximity Caves -4/Factory (discovered 2 exits: *Upp x2) -4/Upper Caves -4/Upper Caves -4/Zhirov -3/Proximity Caves -3/Research (discovered 3 exits: *Arm / Tes x2) -3/Armory -3/Lab -2/Research (discovered 2 exits: *Acc / *Qua) -2/Quarantine -2/Section 7 -1/Access (discovered 2 exits: Sur / *Com) -1/Command (discovered 2 exits: *Sur x2) To Epsilon Eridani History --------- Turn | Location | Event 2 | -11/Scrapyard | Met Revision 17 89 | -11/Scrapyard | Discovered new exit (range 8) 98 | -11/Scrapyard | Entered Materials 304 | -10/Materials | Discovered new exit (range 13) 313 | -10/Materials | Build established: Mutant 448 | -10/Materials | Discovered new exit (range 16) 825 | -10/Materials | Discovered new exit (range 15) 1286 | -10/Materials | Discovered new exit (range 14) 1328 | -10/Materials | Central database locked down 1629 | -10/Materials | Entered Mines 1824 | -10/Mines | Learned location of Mines (-9) 1852 | -10/Mines | Discovered new exit (range 4) 1905 | -10/Mines | Discovered new exit (range 6) 1906 | -10/Mines | Learned location of Zion (-7) 1999 | -10/Mines | Learned location of Storage (-7) 2367 | -10/Mines | Met a Derelict who couldn't figure out how to use a Trap Extractor 2523 | -10/Mines | Entered Materials 2523 | -9/Materials | Evolved 2 slots: Propulsion x1, Utility x1 2936 | -9/Materials | Discovered new exit (range 16) 3061 | -9/Materials | Lost 3 parts (1n2w) 3072 | -9/Materials | Destroyed 7 combat bots 3191 | -9/Materials | Discovered new exit (range 14) 3297 | -9/Materials | Core integrity fell below 50% 3342 | -9/Materials | Build established: Scavenger-Mutant 3548 | -9/Materials | Discovered new exit (range 4) 3660 | -9/Materials | Discovered new exit (range 7) 3714 | -9/Materials | Build established: Hauler-Mutant 3845 | -9/Materials | Entered Mines 3872 | -9/Mines | Learned Materials garrison access intel 4022 | -9/Mines | Met a Derelict testing a Signal Generator 4135 | -9/Mines | Assembled infested the area 4194 | -9/Mines | Destroyed 16 combat bots 4258 | -9/Mines | A Derelict revealed a hidden shortcut to a safe place 4281 | -9/Mines | Entered Zion 4281 | -7/Zion | Accompanied by 1 ally 4323 | -7/Zion | System corruption cleaned by Quarantine Array 4428 | -7/Zion | Discovered new exit (range 10) 4774 | -7/Zion | Found Prototype Launcher 4774 | -7/Zion | Identified Gui. Missile Launcher 4850 | -7/Zion | Learned location of Armory (-3) 5408 | -7/Zion | Learned Factory emergency access door positions 5463 | -7/Zion | Identified exit to Deep Caves 5600 | -7/Zion | Entered Proximity Caves 5600 | -6/Proximity Caves | Accompanied by 1 ally 6201 | -6/Proximity Caves | Core integrity fell below 20% 6274 | -6/Proximity Caves | Identified exit to Factory 6375 | -6/Proximity Caves | Entered Factory 6375 | -6/Factory | Evolved 6 slots: Propulsion x1, Utility x4, Weapon x1 6623 | -6/Factory | Identified exit to Lower Caves 6623 | -6/Factory | Identified exit to Extension 6730 | -6/Factory | Lost 3 parts (1n1u1w) 7057 | -6/Factory | Repaired Lyr. Light Armor Plating? 7117 | -6/Factory | Entered Extension 7575 | -6/Extension | Rescued a captive Derelict 7575 | -6/Extension | Rescued a captive Derelict 7606 | -6/Extension | Rescued a captive Derelict 7606 | -6/Extension | Rescued a captive Derelict 7673 | -6/Extension | Rescued A7 7930 | -6/Extension | Spotted B-75 Beast 7937 | -6/Extension | Destroyed B-75 Beast 7952 | -6/Extension | Spotted B-75 Beast 7962 | -6/Extension | Destroyed B-75 Beast 8317 | -6/Extension | Disrupted transfer network 8406 | -6/Extension | Rescued a captive Derelict 8428 | -6/Extension | Rescued a captive Derelict 8432 | -6/Extension | Rescued a captive Derelict 8778 | -6/Extension | Rescued a captive Derelict 8821 | -6/Extension | Discovered new exit (range 10) 8822 | -6/Extension | Discovered new exit (range 6) 8842 | -6/Extension | Identified exit to Cetus 8872 | -6/Extension | Entered Cetus 8872 | -6/Cetus | Accompanied by 16 allies (A7) 8877 | -6/Cetus | Acquired a Cetus Manufacturing Module code from A7 8893 | -6/Cetus | Spotted Cetus Guard 8893 | -6/Cetus | Spotted Cetus Guard 8895 | -6/Cetus | Spotted Cetus Guard 8897 | -6/Cetus | Spotted Cetus Guard 8904 | -6/Cetus | Allies destroyed Cetus Guard 8905 | -6/Cetus | Allies destroyed Cetus Guard 8907 | -6/Cetus | Allies destroyed Cetus Guard 8912 | -6/Cetus | Allies destroyed Cetus Guard 8988 | -6/Cetus | Started Cetus Manufacturing Module 8999 | -6/Cetus | Escorted A7 to Cetus Mainframe 9013 | -6/Cetus | Manufactured an Enhanced Grunt 9023 | -6/Cetus | Discovered new exit (range 15) 9038 | -6/Cetus | Manufactured an Enhanced Grunt 9063 | -6/Cetus | Manufactured an Enhanced Grunt 9064 | -6/Cetus | Spotted Cetus Guard 9064 | -6/Cetus | Spotted Cetus Guard 9064 | -6/Cetus | Allies destroyed Cetus Guard 9066 | -6/Cetus | Spotted Cetus Guard 9066 | -6/Cetus | Spotted Cetus Guard 9070 | -6/Cetus | Allies destroyed Cetus Guard 9072 | -6/Cetus | Allies destroyed Cetus Guard 9078 | -6/Cetus | Discovered new exit (range 16) 9080 | -6/Cetus | Allies destroyed Cetus Guard 9088 | -6/Cetus | Manufactured an Enhanced Grunt 9089 | -6/Cetus | Met Revision 17 9113 | -6/Cetus | Manufactured an Enhanced Grunt 9159 | -6/Cetus | Build established: Commander-Tank 9178 | -6/Cetus | Identified exit to Archives 9196 | -6/Cetus | Destroyed A7 9198 | -6/Cetus | Extracted ID and sensor layout for unrecognized location from A7's data core 9207 | -6/Cetus | Found Prototype Protection 9208 | -6/Cetus | Identified Med. Regenerative Plating 9224 | -6/Cetus | Entered Archives 9224 | -6/Archives | Accompanied by 14 allies 9321 | -6/Archives | Discovered new exit (range 13) 9425 | -6/Archives | Discovered new exit (range 15) 9522 | -6/Archives | Discovered new exit (range 16) 9579 | -6/Archives | Build established: Commander-Mutant 10340 | -6/Archives | Identified exit to Hub_04(d) 10349 | -6/Archives | Entered Hub_04(d) 10349 | -6/Hub_04(d) | Accompanied by 11 allies 10383 | -6/Hub_04(d) | Garrison activated, responded to threat 10675 | -6/Hub_04(d) | Build established: Scavenger-Mutant 10699 | -6/Hub_04(d) | First assault squad dispatched 10783 | -6/Hub_04(d) | Discovered new exit (range 16) 10805 | -6/Hub_04(d) | Identified exit to Factory 10807 | -6/Hub_04(d) | Entered Factory 10807 | -5/Factory | Evolved 2 slots: Utility x2 11171 | -5/Factory | Identified exit to Upper Caves 11348 | -5/Factory | Entered Upper Caves 11460 | -5/Upper Caves | Attracted the attention of an 0b10 checkpoint 11579 | -5/Upper Caves | Build established: Scavenger-Tank 11973 | -5/Upper Caves | Learned Factory non-interactive machine intel 11985 | -5/Upper Caves | Learned Factory terminal intel 12169 | -5/Upper Caves | Discovered new exit (range 8) 12449 | -5/Upper Caves | Identified exit to Upper Caves 12452 | -5/Upper Caves | Entered another Upper Caves area 12596 | -5/Upper Caves | Discovered new exit (range 9) 12658 | -5/Upper Caves | Learned location of Warlord (-5) 12785 | -5/Upper Caves | Attracted the attention of an 0b10 checkpoint 13132 | -5/Upper Caves | Encountered a Warlord checkpoint 13314 | -5/Upper Caves | Discovered new exit (range 13) 13333 | -5/Upper Caves | Identified exit to Warlord 13334 | -5/Upper Caves | Entered Warlord 13410 | -5/Warlord | Discovered new exit (range 12) 13527 | -5/Warlord | System corruption cleaned by Quarantine Array 13778 | -5/Warlord | Found Prototype Device 13778 | -5/Warlord | Identified Minesniffer Drone Bay 13803 | -5/Warlord | Build established: Scavenger-Mutant 14085 | -5/Warlord | Met Warlord 14110 | -5/Warlord | Warlord's base attacked by MAIN.C 14460 | -5/Warlord | Warlord forces counterattacked 14524 | -5/Warlord | Spotted Executioner 14565 | -5/Warlord | Spotted Executioner 14569 | -5/Warlord | Spotted Executioner 14577 | -5/Warlord | Destroyed Executioner 14577 | -5/Warlord | Spotted Striker 14603 | -5/Warlord | Destroyed Striker 14635 | -5/Warlord | Destroyed 11 combat bots 14677 | -5/Warlord | Spotted Executioner 14747 | -5/Warlord | Spotted Striker 14785 | -5/Warlord | Warlord base infiltrated, sounded retreat 14863 | -5/Warlord | Build established: Scavenger-Tank 14885 | -5/Warlord | Spotted Striker 14891 | -5/Warlord | Identified exit to Proximity Caves 14893 | -5/Warlord | Entered Proximity Caves 15294 | -4/Proximity Caves | Identified exit to Factory 15604 | -4/Proximity Caves | Entered Factory 15604 | -4/Factory | Evolved 2 slots: Utility x2 15605 | -4/Factory | Loaded intel: 222 non-interactive machine locations 15606 | -4/Factory | Loaded intel: 20 terminal locations 15619 | -4/Factory | Identified exit to Upper Caves 15619 | -4/Factory | Central database locked down 15801 | -4/Factory | Repaired Centrium Heavy Treads? 15919 | -4/Factory | Repaired Centrium Medium Armor Plating 16029 | -4/Factory | Repaired Centrium Medium Armor Plating 16166 | -4/Factory | Build established: Wizard-Skirmisher 16167 | -4/Factory | Repaired Broken Centrium Heavy Treads? 16285 | -4/Factory | Repaired Imp. KE Penetrator 16402 | -4/Factory | Repaired Centrium Heavy Treads 16650 | -4/Factory | Entered Upper Caves 16658 | -4/Upper Caves | Encountered a Warlord checkpoint 16786 | -4/Upper Caves | Learned Research trap positions 16797 | -4/Upper Caves | Build established: Wizard-Mutant 17367 | -4/Upper Caves | Discovered new exit (range 8) 17376 | -4/Upper Caves | Identified exit to Upper Caves 17395 | -4/Upper Caves | Entered another Upper Caves area 17644 | -4/Upper Caves | Build established: Wizard-Skirmisher 17692 | -4/Upper Caves | Learned location of Testing (-3) 18050 | -4/Upper Caves | Discovered new exit (range 10) 18116 | -4/Upper Caves | Build established: Wizard-Mutant 18249 | -4/Upper Caves | Identified exit to Zhirov 18251 | -4/Upper Caves | Entered Zhirov 18251 | -4/Zhirov | Discovered new exit (range 3) 18253 | -4/Zhirov | Identified exit to Proximity Caves 18280 | -4/Zhirov | Met Zhirov 18309 | -4/Zhirov | Learned location of Quarantine (-2) 18309 | -4/Zhirov | Learned location of Command (-1) 18344 | -4/Zhirov | Zhirov requested help retrieving the SGEMP Prototype 18393 | -4/Zhirov | Found Alien Artifact 18393 | -4/Zhirov | Identified Integrated Dissipator 18393 | -4/Zhirov | Installed Integrated Dissipator, increased core heat dissipation (+20) 18493 | -4/Zhirov | Found Alien Artifact 18682 | -4/Zhirov | Entered Proximity Caves 18874 | -3/Proximity Caves | Build established: Scavenger-Tank 19752 | -3/Proximity Caves | Build established: Hacker-Mutant 19798 | -3/Proximity Caves | Discovered new exit (range 12) 19834 | -3/Proximity Caves | Identified exit to Research 19835 | -3/Proximity Caves | Entered Research 19835 | -3/Research | Evolved 2 slots: Utility x1, Weapon x1 19836 | -3/Research | Loaded intel: 81 trap records 20035 | -3/Research | Revision forces began assault on 0b10 20053 | -3/Research | Met up with Revision 17++ 20102 | -3/Research | Identified exit to Armory 20102 | -3/Research | Identified exit to Testing 20216 | -3/Research | Spotted B-86 Titan 20534 | -3/Research | Build established: Wizard-Skirmisher 20535 | -3/Research | Research terminal network offline 20674 | -3/Research | Entered Armory 20887 | -3/Armory | Repaired Centrium Medium Armor Plating? 20997 | -3/Armory | Build established: Wizard-Mutant 21354 | -3/Armory | Fabricated Exp. Signal Interpreter? 21437 | -3/Armory | Fabricated EM Disruption Field? 21683 | -3/Armory | Identified Transdimensional Reconstructor 21683 | -3/Armory | Warped through subspace to slip node 21683 | -3/Armory | Discovered new exit (range 1) 21683 | -3/Armory | Identified exit to Lab 21936 | -3/Armory | Found Fusion Bomb Launcher 22036 | -3/Armory | Found Prototype Device 22036 | -3/Armory | Identified Exp. Focal Shield 22058 | -3/Armory | Found Prototype Device 22058 | -3/Armory | Identified Exp. Transmission Jammer 22131 | -3/Armory | Entered Lab 22131 | -3/Lab | Discovered new exit (range 9) 22143 | -3/Lab | Identified exit to Research 22149 | -3/Lab | Hidden lab's door opened automatically 22149 | -3/Lab | Sensor layout match revealed 22150 | -3/Lab | Gained access to the hidden lab's interior 22191 | -3/Lab | Found Integrated Dissipator 22191 | -3/Lab | Installed Integrated Dissipator, increased core heat dissipation (+20) 22202 | -3/Lab | Found Alien Artifact 22202 | -3/Lab | Identified Core Regenerator 22202 | -3/Lab | Used Core Regenerator, restored core integrity (+166) 22239 | -3/Lab | Found Prototype Hackware 22239 | -3/Lab | Identified Deep Network Scanner 22245 | -3/Lab | Found Prototype Protection 22245 | -3/Lab | Identified Hvy. Regenerative Plating 22382 | -3/Lab | Found Prototype Energy Gun 22382 | -3/Lab | Identified Hyp. EM Gauss Rifle 22507 | -3/Lab | Entered Research 22507 | -2/Research | Warlord forces began assault on 0b10 22507 | -2/Research | Evolved 2 slots: Utility x2 22556 | -2/Research | Found Prototype Device 22556 | -2/Research | Identified Exp. Thermal Shield 22617 | -2/Research | Research machine network offline 22777 | -2/Research | Met up with Warlord 22860 | -2/Research | Borebot progress halted 22920 | -2/Research | Borebot progress halted 22937 | -2/Research | Spotted Striker 22950 | -2/Research | Destroyed Striker 22959 | -2/Research | Spotted Executioner 22963 | -2/Research | Spotted Executioner 22966 | -2/Research | Destroyed Executioner 22971 | -2/Research | Destroyed Executioner 23089 | -2/Research | Spotted Executioner 23205 | -2/Research | Spotted Striker 23205 | -2/Research | Spotted Striker 23214 | -2/Research | Destroyed Striker 23250 | -2/Research | Build established: Wizard-Skirmisher 23258 | -2/Research | Spotted B-90 Cyclops 23289 | -2/Research | Discovered new exit (range 5) 23295 | -2/Research | Identified exit to Access 23326 | -2/Research | Found Prototype Processor 23326 | -2/Research | Identified Exp. Core Analyzer 23365 | -2/Research | Borebot progress halted 23565 | -2/Research | Build established: Wizard-Mutant 23680 | -2/Research | Discovered new exit (range 15) 23701 | -2/Research | Identified exit to Quarantine 23829 | -2/Research | Entered Quarantine 24062 | -2/Quarantine | Found Alien Artifact 24062 | -2/Quarantine | Identified Matter Drive 24251 | -2/Quarantine | Spotted Alpha 7 24282 | -2/Quarantine | Destroyed Alpha 7 24297 | -2/Quarantine | Found Prototype Processor 24297 | -2/Quarantine | Identified Exp. Targeting Computer 24304 | -2/Quarantine | Found Prototype Device 24304 | -2/Quarantine | Identified Exp. ECM Suite 24309 | -2/Quarantine | Found Prototype Ballistic Gun 24309 | -2/Quarantine | Identified Multirail 24357 | -2/Quarantine | Found Alien Launcher 24357 | -2/Quarantine | Identified Sigix Terminator 25207 | -2/Quarantine | Found Alien Artifact 25231 | -2/Quarantine | Identified Core Reset Matrix 25507 | -2/Quarantine | Found Alien Artifact 25675 | -2/Quarantine | Identified Subatomic Replicator 26297 | -2/Quarantine | Spotted Fortress 26406 | -2/Quarantine | Discovered new exit (range 6) 26412 | -2/Quarantine | Identified exit to Section 7 26449 | -2/Quarantine | Entered Section 7 26511 | -2/Section 7 | Found Alien Artifact 26906 | -2/Section 7 | Repaired Adv. Force Field? 26956 | -2/Section 7 | Identified Integrity Redistributor 27147 | -2/Section 7 | Spotted S7 Guard 27551 | -2/Section 7 | Found Alien Artifact 27675 | -2/Section 7 | Identified Integrated Reactor 28030 | -2/Section 7 | Destroyed 7 combat bots 28057 | -2/Section 7 | Installed Integrated Reactor, increased core energy generation (+10) 28294 | -2/Section 7 | Build established: Wizard-Skirmisher 28441 | -2/Section 7 | Spotted S7 Guard 28451 | -2/Section 7 | Found Alien Artifact 28515 | -2/Section 7 | Garrison activated, responded to threat 28527 | -2/Section 7 | System corruption reached 10% 28536 | -2/Section 7 | Destroyed S7 Guard 28564 | -2/Section 7 | Lost 3 parts (1u2w) 28793 | -2/Section 7 | Build established: Wizard-Tank 28815 | -2/Section 7 | Identified Integrated Heat Negator 28815 | -2/Section 7 | Installed Integrated Heat Negator, increased core heat dissipation (+40) 28841 | -2/Section 7 | Entered Access 28841 | -1/Access | Evolved 2 slots: Utility x1, Weapon x1 28925 | -1/Access | Fabricated Adv. Heavy Siege Treads (x2) 29042 | -1/Access | Local fabrication network quarantined 29252 | -1/Access | Used Subatomic Replicator to replicate Integrity Redistributor 29457 | -1/Access | Identified exit to Command 29616 | -1/Access | First assault squad dispatched 29632 | -1/Access | Used Integrity Redistributor, redistributed integrity from core (-122) 31264 | -1/Access | Identified exit to Surface 31797 | -1/Access | Entered Command 31942 | -1/Command | Build established: Wizard-Mutant 32108 | -1/Command | System corruption reached 10% 32175 | -1/Command | Destroyed 11 combat bots 32338 | -1/Command | First assault squad dispatched 32588 | -1/Command | Spotted B-99 Colossus 32653 | -1/Command | Build established: Wizard-Tank 32833 | -1/Command | Disengaged cave seal 32833 | -1/Command | Derelicts emerged from the dark tunnel 32834 | -1/Command | Welcomed Warlord to Command 32964 | -1/Command | Build established: Wizard-Mutant 33033 | -1/Command | Spotted Striker 33035 | -1/Command | Spotted Alpha 7 33035 | -1/Command | Spotted Executioner 33036 | -1/Command | Spotted Executioner 33037 | -1/Command | Destroyed Striker 33040 | -1/Command | Destroyed Executioner 33041 | -1/Command | Spotted Alpha 7 33041 | -1/Command | Spotted Striker 33048 | -1/Command | Spotted Executioner 33049 | -1/Command | Spotted Executioner 33050 | -1/Command | Destroyed Executioner 33063 | -1/Command | Spotted B-99 Colossus 33069 | -1/Command | Spotted B-99 Colossus 33086 | -1/Command | P-80 Master assimilated allied 2I-B20(M) 33131 | *** | Escaped! Last Messages --------------- 33084_ G5-QS9(g) knocked back. 33086_ P-80 Master hacks 2I-B20(M), assimilated. 33086_ K-01 Serf collects debris. 33087_ 2I-B20(M) destroyed. 33090_ K-01 Serf collects debris. 33095_ OW&Y OCEVXBZH CE